 Dungeon Crawl Stone Soup version 0.28-a0-895-g6e5f11bd55 (webtiles) character file.

Game seed: 3794396256271748819

175 siradein the Sneak (level 5, -2/41 HPs)
             Began as a Demonspawn Brigand on Nov 23, 2021.
             Slain by a black bear (4 damage)
             ... on level 4 of the Dungeon.
             The game lasted 00:10:57 (4036 turns).

siradein the Sneak (Demonspawn Brigand)             Turns: 4036, Time: 00:10:58

Health: -2/41      AC:  7    Str: 12    XL:     5   Next: 29%
Magic:  5/5        EV: 12    Int: 13    God:
Gold:   39         SH:  0    Dex: 14    Spells: 4/4 levels left

rFire   . . .      SeeInvis .   g - +0 short sword
rCold   . . .      Faith    .   (no shield)
rNeg    . . .      Spirit   .   m - +0 leather armour
rPois   .          Reflect  .   (no helmet)
rElec   .          Harm     .   c - +0 cloak
rCorr   .          Rampage  .   (no gloves)
Will    .....                   l - +0 pair of boots
Stlth   ++........              (no amulet)
HPRegen 0.13/turn               (no ring)
MPRegen 0.09/turn               (no ring)

@: no status effects
A: molten scales 1, weakness stinger 1
a: no special abilities


You were on level 4 of the Dungeon.
You visited 1 branch of the dungeon, and saw 4 of its levels.

You collected 39 gold pieces.

Inventory:

Hand Weapons
 g - a +0 short sword (weapon)
 o - a +0 hunting sling
Missiles
 d - 8 poisoned darts
 e - 2 curare-tipped darts
 f - 91 stones (quivered)
 s - 21 arrows
Armour
 c - a +0 cloak (worn)
 l - a +0 pair of boots (worn)
 m - a +0 leather armour (worn)
Jewellery
 b - a ring of fire
Scrolls
 a - a scroll of noise {unknown}
 q - a scroll of identify {unknown}
 r - a scroll of amnesia {unknown}
Potions
 h - a potion of invisibility {unknown}
 i - 3 potions of curing {unknown}
 j - a potion of lignification {unknown}
 k - a potion of magic {unknown}
 n - a potion of haste {unknown}
 p - a potion of heal wounds {unknown}


   Skills:
 + Level 3.5 Fighting
 - Level 1.7 Short Blades
 + Level 3.2 Throwing
 + Level 2.7 Dodging
 - Level 3.6 Stealth


You had 4 spell levels left.
You didn't know any spells.
Your spell library contained the following spells:

 Spells                   Type           Power      Damage    Failure   Level
 Animate Skeleton         Necr           0%         N/A       36%         1
 Apportation              Tloc           0%         N/A       36%         1
 Summon Small Mammal      Summ           0%         N/A       36%         1


Dungeon Overview and Level Annotations

Branches:
Dungeon (4/15)
 Temple: D:4-7

Altars:


Innate Abilities, Weirdness & Mutations

You are partially covered in molten scales. (AC +2)
You have a small tail.


Message History

The black bear bites you. The black bear barely misses you. x2
You hit the black bear.
The black bear is heavily wounded.
The black bear bites you.
The black bear claws you but does no damage.
The black bear closely misses you.
You barely miss the black bear.
Your tail-slap misses the black bear.
The black bear is heavily wounded.
The black bear misses you. x2
The black bear claws you but does no damage.
You hit the black bear but do no damage.
The black bear is heavily wounded.
The black bear barely misses you.
The black bear claws you but does no damage.
The black bear barely misses you.
You hit the black bear.
The black bear is heavily wounded.
The black bear misses you.
The black bear claws you but does no damage. x2
You hit the black bear.
Your tail-slap misses the black bear.
The black bear is severely wounded.
The black bear closely misses you. x3
You hit the black bear.
The black bear is severely wounded.
The black bear goes berserk!
You hit the black bear but do no damage.
The black bear is severely wounded.
The black bear bites you.
The black bear claws you but does no damage.
The black bear claws you.
You closely miss the black bear.
The black bear is severely wounded.
The black bear bites you. The black bear claws you.
The black bear claws you but does no damage.
The black bear bites you.
* * * LOW HITPOINT WARNING * * *
The black bear closely misses you. The black bear claws you.
* * * LOW HITPOINT WARNING * * *
The black bear bites you.
You die...

.#########.........#
.........).......).#
#########).........#
##........##
#.........#
#.........#
###.........#
#...........#
........#..@......#
#.#######)h......##
#.#.....## ##
#†####### ...###
#.†....# (.#....##
#......#
#(...#..###......#
...((.(..##......#
....###.h.)......#


You could see a black bear (berserk).

Vanquished Creatures
  A centaur zombie (D:4)
  Jessica (D:3)
  An orc wizard (D:4)
  3 adders
  A worm (D:2)
  2 dart slugs
  3 orcs (D:4)
  5 ball pythons
  6 endoplasms
  4 giant cockroaches
  6 goblins
  2 hobgoblins (D:1)
  5 jackals
  A quokka (D:1)
  7 bats
  2 frilled lizards
  4 kobolds
  2 rats
56 creatures vanquished.

Notes
Turn   | Place    | Note
-------+----------+-------------------------------------------
     0 | D:1      | siradein the Demonspawn Brigand began the quest for the
                  | Orb.
     0 | D:1      | Reached XP level 1. HP: 16/16 MP: 1/1
    62 | D:1      | Reached skill level 1 in Dodging
   432 | D:1      | Gained mutation: You have a small tail. [demonic ancestry]
   432 | D:1      | Reached XP level 2. HP: 15/22 MP: 2/2
  1125 | D:1      | Found a faded altar of an unknown god.
  1293 | D:1      | Reached XP level 3. HP: 26/28 MP: 3/3
  2651 | D:3      | Gained mutation: You are partially covered in molten
                  | scales. (AC +2) [demonic ancestry]
  2651 | D:3      | Reached XP level 4. HP: 35/35 MP: 4/4
  2680 | D:3      | Noticed Jessica
  2691 | D:3      | Killed Jessica
  3051 | D:3      | Noticed a sky beast
  3892 | D:4      | Reached XP level 5. HP: 41/41 MP: 5/5
  3998 | D:4      | Noticed a black bear
  4034 | D:4      | HP: 2/41 [black bear (6)]
  4036 | D:4      | Slain by a black bear

Illustrated notes

Levels and vault maps discovered:
D:1:      co_arrival_square_in_a_square_in_a_square, layout_basic,
          shapermc_ecumenical_altar_ellora, palyth_stone_intersect
D:2:      layout_basic, minmay_misc_feat_ornament
D:3:      cheibrodos_old_hovel, layout_basic, minmay_puff, uniq_jessica
D:4:      layout_rooms, minmay_checkerbox

Skill      XL: |  1  2  3  4 |
---------------+-------------+-----
Dodging        | 1 2 |  2.7
Throwing       | 2 3 |  3.2
Fighting       | 3 |  3.5
Short Blades   | |  1.7
Stealth        | |  3.6

Action                   |  1- 3 |  4- 6 || total
-------------------------+-------+-------++-------
Melee: Dagger            |    14 |       ||    14
       Short sword       |    99 |    98 ||   197
       Tailslap          |     9 |    21 ||    30
 Fire: Hunting sling     |    12 |    29 ||    41
Throw: Stone             |     4 |       ||     4
 Stab: Sleeping          |     7 |     1 ||     8
Armor: Robe              |    26 |       ||    26
       Leather armour    |     7 |    64 ||    71
Dodge: Dodged            |    76 |    67 ||   143

Table legend: (Time is in decaauts)
 A = Elapsed time spent in this place.
 B = Non-inter-level travel time spent in this place.
 C = Inter-level travel time spent in this place.
 D = Time resting spent in this place.
 E = Time spent auto-exploring this place.
 F = Levels seen in this place.
 G = Mean time per level.
                   A        B        C        D        E       F      G
               +--------+--------+--------+--------+--------+-----+--------+
         Total |   4038 |   3965 |     73 |    157 |   2798 |   4 | 1009.5 |
       Dungeon |   4038 |   3965 |     73 |    157 |   2798 |   4 | 1009.5 |
               +--------+--------+--------+--------+--------+-----+--------+

Top non-repeatable levels by time:
     D:1: 1418 daAuts
     D:2: 1376 daAuts
     D:3: 847 daAuts
     D:4: 396 daAuts
